 Dungeon Crawl Stone Soup version 0.17.0-19-gb37c632 (console) character file.

88 Kloppie the Chucker (level 4, 0/38 HPs)
             Began as a Demigod Hunter on Nov 12, 2015.
             Slain by a quasit (1 damage)
             ... on level 3 of the Dungeon.
             The game lasted 00:06:38 (2286 turns).

Kloppie the Chucker (Demigod Hunter)                Turns: 2286, Time: 00:06:38

Health: 0/38       AC:  5    Str: 17    XL:     4   Next: 9%
Magic:  6/6        EV: 11    Int: 15    God:
Gold:   183        SH:  0    Dex: 16    Spells: 0 memorised, 3 levels left

rFire  . . .     SeeInvis .     v - staff of death
rCold  . . .     Clarity  .     t - +0 ring mail
rNeg   + . .     SustAt   +     (no shield)
rPois  .         Gourm    .     (no helmet)
rElec  .         Spirit   .     (no cloak)
rCorr  .         Warding  .     (no gloves)
rMut   .         Stasis   .     (no boots)
MR     .....                    (no amulet)
Stlth  +.........               (no ring)
                                (no ring)

@: hasted, very quick, not resistant to hostile enchantments, very unstealthy
A: high mp 1, sustain attributes
a: no special abilities


You were on level 3 of the Dungeon.
You were hungry.

You visited 1 branch of the dungeon, and saw 3 of its levels.

You collected 183 gold pieces.

Inventory:

Hand Weapons
 c - a +0 short sword
 h - a +2 dagger of holy wrath
Missiles
 y - 14 poisoned needles
Armour
 d - a +0 leather armour
 t - a +0 ring mail (worn)
 C - a +0 chain mail
Magical Staves
 v - an uncursed staff of death (weapon)
Jewellery
 g - an uncursed amulet of warding {unknown}
 p - an uncursed amulet of stasis {unknown}
 s - a +3 ring of protection {unknown}
 A - an uncursed ring of flight {unknown}
Scrolls
 i - 3 scrolls of identify {unknown}
 k - a scroll of magic mapping {unknown}
 l - a scroll of recharging {unknown}
 m - 2 scrolls of teleportation {unknown}
 o - 3 scrolls of amnesia {unknown}
 r - a scroll of blinking {unknown}
Potions
 n - a potion of heal wounds {unknown}
 q - a potion of invisibility {unknown}
 u - a potion of haste
 w - a potion of curing {unknown}
Comestibles
 e - a bread ration
 f - 3 meat rations
 j - 3 beef jerkies
 x - 3 fruits
 z - a slice of pizza
 B - a chunk of flesh


   Skills:
 + Level 3.1 Fighting
 + Level 4.6 Throwing
 - Level 1.7 Dodging
 - Level 0.8 Stealth


You had 3 spell levels left.
You didn't know any spells.

Dungeon Overview and Level Annotations

Branches:
Dungeon (3/15)


Innate Abilities, Weirdness & Mutations

You have an increased reservoir of magic (+10% MP).
Your attributes are resistant to harm.


Message History

The quasit claws you.
* * * LOW HITPOINT WARNING * * *
You feel clumsy for a moment.
The quasit claws you but does no damage.
You miss the quasit.
The quasit is moderately wounded.
The quasit bites you but does no damage.
The quasit claws you but does no damage. x2
The quasit bites you.
* * * LOW HITPOINT WARNING * * *
The quasit claws you.
* * * LOW HITPOINT WARNING * * *
You feel clumsy for a moment.
The quasit claws you but does no damage.
Drink which item? (? for menu, Esc to quit)
It was a potion of haste.
You feel yourself speed up. The quasit bites you.
* * * LOW HITPOINT WARNING * * *
You feel clumsy for a moment. The quasit closely misses you.
The quasit claws you.
You die...

#.....5..S ####### #?.......
#.....# #.....# #.....###
#.....## #.......####
##.##..#
#.....†....#####.##..##
#.....###.....##......# #
########.......(.....(#####..
#.....@5..............#
#............)...######
#......................
#......................
#<.....................
#......................
##.....................
##.....##.............
###########...>......


You could see a quasit.

Vanquished Creatures
  3 adders (D:2)
  An ooze (D:1)
  A giant cockroach (D:2)
  8 hobgoblins
  6 jackals (D:3)
  A quokka (D:2)
  6 bats
  A giant gecko (D:2)
  6 giant newts
  7 goblins
  11 kobolds
  7 rats
58 creatures vanquished.

Notes
Turn   | Place    | Note
--------------------------------------------------------------
     0 | D:1      | Kloppie the Demigod Hunter began the quest for the Orb.
     0 | D:1      | Reached XP level 1. HP: 17/17 MP: 3/3
   626 | D:1      | Reached XP level 2. HP: 19/24 MP: 4/4
   639 | D:1      | Reached skill level 4 in Throwing
  1100 | D:2      | Reached XP level 3. HP: 24/30 MP: 5/5
  1176 | D:2      | Found a shimmering altar of Xom.
  1843 | D:3      | Noticed a phantom
  2122 | D:3      | Reached XP level 4. HP: 38/38 MP: 6/6
  2286 | D:3      | HP: 1/38 [quasit (1)]
  2286 | D:3      | Slain by a quasit

Action                   |  1- 3 |  4- 6 || total
-------------------------+-------+-------++-------
Melee: Short sword       |   128 |    44 ||   172
       Staff             |    27 |    11 ||    38
Throw: Javelin           |    32 |     4 ||    36
       Throwing net      |     4 |     2 ||     6
  Use: Potion            |       |     1 ||     1
  Eat: Chunk             |     4 |       ||     4
